 Dungeon Crawl Stone Soup version 0.29.1-12-g30fa7ad0bf (webtiles) character file.

Game seed: 2096390943762530987

501 yeehawbw the Vexing (level 7, 0/32 HPs)
             Began as a Vine Stalker Enchanter on Jan 12, 2023.
             Was an Initiate of Makhleb.
             Slain by Pikel
             ... wielding a +1 whip of flaming
              (1 damage)
             ... on level 4 of the Dungeon.
             The game lasted 00:33:25 (4092 turns).

yeehawbw the Vexing (Vine Stalker Enchanter)        Turns: 4092, Time: 00:33:30

Health: 0/32       AC:  3    Str: 10    XL:     7   Next: 17%
Magic:  0/14       EV: 13    Int: 17    God:    Makhleb [......]
Gold:   201        SH:  0    Dex: 15    Spells: 6/14 levels left

rFire   . . .      SeeInvis .   u - +1 short sword (vamp)
rCold   . . .      Faith    .   o - orb {*channel}
rNeg    . . .      Spirit   +   b - +1 robe
rPois   .          Reflect  .   (no helmet)
rElec   .          Harm     .   (no cloak)
rCorr   +          Rampage  .   (no gloves)
Will    .....                   (no boots)
Stlth   ++........              (no amulet)
HPRegen 0.90/turn               f - ring of resist corrosion
MPRegen 0.14/turn               (no ring)

@: weak-willed
A: fangs 2, regeneration 1, magic shield, antimagic bite, no potion heal 2
a: Renounce Religion


You were on level 4 of the Dungeon.
You worshipped Makhleb.
Makhleb was noncommittal.
You visited 1 branch of the dungeon, and saw 4 of its levels.

You collected 201 gold pieces.

Inventory:

Hand Weapons
 a - a +1 dagger
 e - a +2 whip of electrocution
 i - a +0 mace of holy wrath
 u - a +1 vampiric short sword (weapon)
Armour
 b - a +1 robe (worn)
 j - a +0 chain mail
 k - a +0 buckler
 l - a +0 cloak
 m - a +0 ring mail
 o - an orb of energy (worn)
Magical Staves
 g - a staff of air
 r - a staff of fire
 v - a staff of conjuration
Jewellery
 f - a ring of resist corrosion (left hand)
Scrolls
 n - 3 scrolls of identify
 p - a scroll of amnesia
 w - a scroll of blinking {unknown}
Potions
 c - a potion of invisibility
 d - 2 potions of curing
 h - 3 potions of degeneration
 q - 2 potions of mutation {unknown}
 s - a potion of resistance {unknown}


   Skills:
 * Level 2.4 Short Blades
 - Level 2.8 Maces & Flails
 - Level 3.1 Dodging
 - Level 3.6 Stealth
 - Level 4.0 Spellcasting
 - Level 4.4 Hexes


You had 6 spell levels left.
You knew the following spells:

 Your Spells              Type           Power      Damage    Failure   Level
a - Ensorcelled Hibernat  Hex/Ice        22%        N/A       10%         2
b - Confusing Touch       Hex            18%        N/A       8%          3
c - Tukima's Dance        Hex            18%        N/A       8%          3

Your spell library contained the following spells:

 Spells                   Type           Power      Damage    Failure   Level
 Sting                    Tmut/Pois      12%        1d3       16%         1
 Summon Small Mammal      Summ           12%        N/A       16%         1
 Dazzling Flash           Conj/Hex       22%        N/A       19%         3
 Summon Guardian Golem    Hex/Summ       11%        N/A       19%         3
 Poisonous Vapours        Pois/Air       6%         N/A       24%         2
 Call Canine Familiar     Summ           3%         N/A       43%         3
 Conjure Flame            Conj/Fire      3%         6-21      43%         3
 Ignite Poison            Fire/Tmut/Pois 3%         N/A       43%         3
 Olgreb's Toxic Radiance  Pois           3%         N/A       83%         4
 Sticky Flame             Conj/Fire      3%         2d3       83%         4


Dungeon Overview and Level Annotations

Branches:
Dungeon (4/15)
 Temple: D:4-7

Altars:
Elyvilon
Makhleb

Shops:
D:2 [   D:4 :

Annotations:
D:4 Pikel


Innate Abilities, Weirdness & Mutations

You have extremely sharp teeth.
Your natural rate of healing is unusually fast.
When hurt, damage is shared between your health and your magic reserves.
Your bite disrupts and absorbs the magic of your enemies.
Potions cannot restore your health.


Message History

Confirm with . or Enter, or press ? or * to list all spells.
Aiming: Ensorcelled Hibernation (safe; 10% risk of failure)
Press: ? - help, Shift-Dir - straight line, f/p - Pikel
Aim: Pikel, wielding a +1 whip of flaming and wearing a +1 robe of the Archmagi (chance to affect: 45%) Pikel looks drowsy...
You hear the rapid rusting of a very distant drain.
The helpless Pikel fails to defend himself.
You puncture Pikel!
The lemure shouts!
Your bite misses Pikel.
Pikel is lightly wounded.
Pikel hits you with a +1 whip of flaming.
Pikel burns you.
The lemure shouts!
You hit Pikel.
Pikel is moderately wounded.
You hear a shout!
The lemure misses you.
Pikel hits you with a +1 whip of flaming!
Pikel burns you.
You barely miss Pikel. Your bite misses Pikel.
Pikel is moderately wounded.
The lemure hits you. Pikel hits you but does no damage.
Unknown command.
As you read the scroll labelled KIKLIY TOXZA, it crumbles to dust.
It is a scroll of amnesia.
Okay, then.
The lemure hits you.
Pikel hits you with a +1 whip of flaming!
* * * LOW HITPOINT WARNING * * *
Pikel burns you.
* * * LOW HITPOINT WARNING * * *
As you read the scroll labelled TOTWON OSOU, it crumbles to dust.
Magic quickly surges around you.
It was a scroll of vulnerability.
The lemure hits you.
* * * LOW HITPOINT WARNING * * *
Pikel hits you with a +1 whip of flaming.
* * * LOW HITPOINT WARNING * * *
Pikel burns you.
You die...

......# ##8.#.8 ......# ###......
......# ###.8.<.∩.> ......#
####.......... ......#
##........8..#8 ...####
###.........K5.## ####
##...........##.## ##
##.5.5......####... .# ##
#.@K5..5...## #..5 .## ###..#
#........### #... ..##......##
##....#### ###... ............##
###### ###..... .............##
####......5 ..............##
###....###K5. .......(.......#
####....###.....
#..............###5...##.....##.#
##..................###########..


You could see Pikel (weak-willed) and 4 lemures.

Vanquished Creatures
  2 black bears
  An ogre (D:4)
  2 orc priests (D:4)
  An orc wizard (D:3)
  5 adders
  A worm (D:2)
  18 orcs
  8 bats
  9 endoplasms
  4 giant cockroaches
  6 goblins
  6 hobgoblins
  3 jackals (D:1)
  6 kobolds
  6 quokkas
  6 ball pythons
  3 frilled lizards
  7 rats
94 creatures vanquished.

Vanquished Creatures (others)
  A fungus (D:1)
  3 plants (D:1)
4 creatures vanquished.

Grand Total: 98 creatures vanquished

Notes
Turn   | Place    | Note
-------+----------+-------------------------------------------
     0 | D:1      | yeehawbw the Vine Stalker Enchanter began the quest for the
                  | Orb.
     0 | D:1      | Reached XP level 1. HP: 9/9 MP: 4/4
   102 | D:1      | Reached skill level 1 in Short Blades
   301 | D:1      | Reached XP level 2. HP: 13/13 MP: 6/6
   335 | D:1      | Learned a level 2 spell: Ensorcelled Hibernation
   520 | D:1      | Found a faded altar of an unknown god.
   599 | D:1      | Reached XP level 3. HP: 16/16 MP: 7/7
   666 | D:1      | Reached skill level 1 in Maces & Flails
  1541 | D:2      | Found Bezaenosk's Armour Emporium.
  1726 | D:2      | Gained mutation: Your natural rate of healing is unusually
                  | fast. [Vine Stalker growth]
  1726 | D:2      | Reached XP level 4. HP: 21/21 MP: 9/9
  2577 | D:3      | Found a burning altar of Makhleb.
  2614 | D:3      | Reached XP level 5. HP: 7/24 MP: 1/10
  2723 | D:3      | Became a worshipper of Makhleb the Destroyer
  2779 | D:3      | Learned a level 3 spell: Confusing Touch
  2783 | D:3      | Learned a level 3 spell: Tukima's Dance
  2960 | D:3      | Found a white marble altar of Elyvilon.
  3033 | D:3      | Noticed a black bear
  3044 | D:3      | Killed a black bear
  3045 | D:3      | Reached XP level 6. HP: 25/28 MP: 10/12
  3500 | D:4      | Found Naclysch's Book Emporium.
  3644 | D:4      | Noticed a black bear
  3670 | D:4      | Killed a black bear
  3671 | D:4      | Reached XP level 7. HP: 8/32 MP: 3/14
  4020 | D:4      | Noticed Pikel
  4092 | D:4      | HP: 1/32 [Pikel/+1 whip of flaming (1)]
  4092 | D:4      | Slain by Pikel

Illustrated notes

Levels and vault maps discovered:
D:1:      giann_wishing_wells, layout_basic,
          shapermc_ecumenical_altar_mp_urbaneastern
D:2:      layout_basic, serial_aquarium, aquarium_bridge_square
          [aquarium_subvault_bridge, aquarium_subvault_bridge,
          aquarium_subvault_window, aquarium_subvault_bridge],
          aquarium_bridge_square [aquarium_subvault_bridge,
          aquarium_subvault_bridge, aquarium_subvault_bridge,
          aquarium_subvault_window], aquarium_window_3, aquarium_window_2,
          aquarium_window_1, aquarium_window_corner, aquarium_view_2b,
          aquarium_balcony_3b, serial_shops, shop
D:3:      layout_loops_cross, mainiacjoe_overflow_brackets,
          mainiacjoe_overflow_paths, serial_co_window_serial, co_window_paths_a,
          co_window_of_opportunity_a, co_window_corner_a, co_window_paths_a,
          co_window_paths_a, co_window_paths_c, co_window_unsneaky_path_d,
          co_window_of_opportunity_b, glass_columns_c, glass_columns_b,
          glass_columns_a
D:4:      layout_cave_pods, portal_sewer_entry_e, serial_shops,
          nicolae_stop_n_shop_2, uniq_pikel

Skill      XL: |  1  2  3  4  5  6 |
---------------+-------------------+-----
Short Blades   | 1 2 |  2.4
Dodging        | 2 3 |  3.1
Maces & Flails | 1 2 |  2.8
Spellcasting   | 3 4 |  4.0
Hexes          | 4 |  4.4
Stealth        | |  3.6

Action                   |  1- 3 |  4- 6 |  7- 9 || total
-------------------------+-------+-------+-------++-------
Melee: Dagger            |     8 |       |       ||     8
       Whip              |    92 |   138 |       ||   230
       Bite              |    22 |    36 |     4 ||    62
       Punch             |     2 |       |       ||     2
       Short sword       |       |     9 |    21 ||    30
 Cast: Ensorcelled Hiber |       |     2 |     4 ||     6
       Confusing Touch   |       |     1 |     1 ||     2
       Tukima's Dance    |       |     1 |       ||     1
  Use: Scroll            |       |     3 |     2 ||     5
       Potion            |       |     2 |     1 ||     3
 Stab: Sleeping          |     4 |     7 |     1 ||    12
       Confused          |       |     1 |       ||     1
Armor: Robe              |    23 |    26 |     5 ||    54
Dodge: Dodged            |    67 |    79 |    23 ||   169
